 Dungeon Crawl Stone Soup version 0.31-a0-986-g5e6e4ef867 (webtiles) character file.

Game seed: 13863360833693460628

6031 pokeman the Thaumaturge (level 10, -4/56 HPs)
             Began as a Deep Elf Hedge Wizard on Nov 16, 2023.
             Was a Believer of Vehumet.
             Slain by a yak (13 damage)
             ... on level 8 of the Dungeon.
             The game lasted 00:24:28 (9965 turns).

pokeman the Thaumaturge (Deep Elf Hedge Wizard)     Turns: 9965, Time: 00:24:29

Health: -4/56      AC:  8    Str:  7    XL:     10   Next: 56%
Magic:  34/39      EV: 13    Int: 30    God:    Vehumet [**....]
Gold:   527        SH:  0    Dex: 14    Spells: 29/37 levels left

rFire   . . .        Q - +5 Force Lance {heavy, knockback}
rCold   . . .        (no shield)
rNeg    . . .        M - +0 steam dragon scales
rPois   .            r - +0 helmet
rElec   .            (no cloak)
rCorr   .            J - +0 pair of gloves
SInv    .            (no boots)
Will    +....        (no amulet)
Stlth   ++           m - ring of magical power
HPRegen 0.29/turn    H - +6 ring of intelligence
MPRegen 0.26/turn

%: no passive effects
@: on blink cooldown
A: no striking features
a: Renounce Religion


You were on level 8 of the Dungeon.
You worshipped Vehumet.
Vehumet was pleased with you.
You visited 1 branch of the dungeon, and saw 8 of its levels.
You also visited: Bailey.

You collected 527 gold pieces.

Inventory:

Hand Weapons
 e - a +1 dagger of venom
 B - a +0 shortbow of electrocution
 Q - the +5 Force Lance (weapon) {heavy, knockback}
   (You found it on level 8 of the Dungeon)
Missiles
 q - 3 curare-tipped darts
Armour
 r - a +0 helmet (worn)
 J - a +0 pair of gloves (worn)
 M - +0 steam dragon scales (worn)
Magical Staves
 K - a staff of fire
Jewellery
 a - a ring of positive energy
 j - a +6 ring of strength
 m - a ring of magical power (left hand)
 u - a ring of resist corrosion
 F - a ring of protection from fire
 H - a +6 ring of intelligence (right hand)
Wands
 z - a wand of flame (26)
 G - a wand of light (9)
Scrolls
 f - 3 scrolls of enchant weapon {unknown}
 i - 2 scrolls of fear {unknown}
 l - 6 scrolls of identify {unknown}
 t - 3 scrolls of amnesia {unknown}
 y - a scroll of immolation {unknown}
 A - a scroll of poison {unknown}
 C - 7 scrolls of teleportation {unknown}
 D - a scroll of vulnerability {unknown}
 N - a scroll of fog {unknown}
 O - a scroll of acquirement {unknown}
 P - a scroll of blinking {unknown}
Potions
 b - a potion of haste {unknown}
 c - 2 potions of brilliance {unknown}
 d - 2 potions of magic
 g - a potion of degeneration {unknown}
 h - 8 potions of curing {unknown}
 k - 2 potions of might {unknown}
 n - 2 potions of attraction {unknown}
 o - 3 potions of enlightenment {unknown}
 p - 2 potions of lignification {unknown}
 v - a potion of ambrosia {unknown}
 w - 2 potions of mutation {unknown}
 x - 3 potions of heal wounds {unknown}
 E - 2 potions of berserk rage {unknown}
 I - 3 potions of invisibility {unknown}
 L - a potion of resistance {unknown}


   Skills:
 + Level 3.0 Fighting
 - Level 5.0 Armour
 - Level 3.0 Dodging
 - Level 3.0 Stealth
 * Level 14.3 Spellcasting
 + Level 8.2 Conjurations
 - Level 1.1 Summonings
 - Level 1.1 Translocations
 + Level 5.0 Fire Magic
 - Level 1.1 Air Magic
 - Level 1.1 Poison Magic
 - Level 1.1 Evocations


You had 29 spell levels left.
You knew the following spells:

 Your Spells              Type           Power      Damage    Failure   Level
a - Magic Dart            Conj           100%       1d8       1%          1
b - Mephitic Cloud        Conj/Pois/Air  42%        N/A       1%          3
c - Call Imp              Summ           56%        N/A       2%          2
d - Blink                 Tloc           56%        N/A       2%          2

Your spell library contained the following spells:

 Spells                   Type           Power      Damage    Failure   Level
 Static Discharge         Conj/Air       98%        3-8/arc   1%          2
 Summon Small Mammal      Summ           100%       N/A       1%          1
 Hailstorm                Conj/Ice       46%        3d11      1%          3
 Freeze                   Ice            84%        1d9       2%          1
 Slow                     Hex            84%        N/A       2%          1
 Cigotuvi's Dreadful Rot  Necr/Pois/Air  52%        N/A       2%          2
 Call Canine Familiar     Summ           28%        N/A       4%          3
 Gell's Gravitas          Tloc           28%        N/A       4%          3
 Teleport Other           Tloc           28%        N/A       4%          3
 Summon Guardian Golem    Hex/Summ       24%        N/A       5%          3
 Frozen Ramparts          Ice            42%        1d7       7%          3
 Dispersal                Tloc           14%        N/A       91%         6


Dungeon Overview and Level Annotations

Branches:
Dungeon (8/15)             Temple (0/1) D:5          Bailey (visited)
   Lair: D:8-11

Altars:
Ashenzari
Cheibriados
Elyvilon
Fedhas
Gozag
Hepliaklqana
Kikubaaqudgha
Makhleb
Nemelex Xobeh
Okawaru
Ru
Trog
Uskayaw
Vehumet
Xom
Zin
The Shining One

Annotations:
D:8 Loot behind rock


Message History

The basilisk appears confused.
The basilisk closely misses the basilisk.
Unknown command.
Reach: Q) +5 Force Lance {heavy, knockback}
Press: ? - help, Dir - move target, f/p - basilisk
Aim: a basilisk (noxious fumes, severely wounded, confused, about 21% to evade the +5 Force Lance)
You reach to attack!
You puncture the basilisk!
You kill the basilisk!
Vehumet accepts your kill.
The basilisk is engulfed in noxious fumes.
Your Fighting skill increases to level 3!
Casting: Mephitic Cloud (safe; 1% risk of failure)
Confirm with . or Enter, or press ? or * to list all spells.
You blink.
The basilisk bites the yak but does no damage.
The basilisk barely misses itself.
The yak gores you!
* * * LOW HITPOINT WARNING * * *
Casting: Blink (safe; 2% risk of failure)
Confirm with . or Enter, or press ? or * to list all spells.
Aiming: Mephitic Cloud (safe; 1% risk of failure)
Press: ? - help, Shift-Dir - straight line, f - yak
Aim: a yak (severely wounded, chance to affect: 67%)
Okay, then.
Unknown command.
Casting: Mephitic Cloud (safe; 1% risk of failure)
Confirm with . or Enter, or press ? or * to list all spells.
Aiming: Mephitic Cloud (safe; 1% risk of failure)
Press: ? - help, Shift-Dir - straight line, f - yak
Aim: a yak (lightly wounded, chance to affect: 67%)
The ball explodes into a vile cloud!
The stinking cloud engulfs the yak but does no damage.
The yak is lightly wounded.
The stinking cloud engulfs you but does no damage.
The stinking cloud engulfs the yak but does no damage.
The yak is severely wounded.
You are engulfed in noxious fumes.
The yak is engulfed in noxious fumes.
The yak appears confused.
The yak is engulfed in noxious fumes.
The yak appears confused.
The yak gores you!
You die...

#.# #.# #.# ##### #.#
.....#######.###########
#........##.#.........#
#........##.#.#######.#
#...)....##.#.#.......#
#...☼)@..##.#.#........
#...§YY.>.#...#..######
#...§.○...#.#.#..###...
#########l..)>..#...#......##
##.....###....)..#.#.#..######
##..._...#####.)#.........>..##
#..⌠...♣..#.....#.#.#.##.....##
#....#....##.##.#)#.#.##.......
###._.###._.#..##.#.#............


You could see 2 yaks and a basilisk (confused).

Vanquished Creatures
  2 vault guards (Bailey)
  Prince Ribbit (Bailey)
  A yak (D:8)
  3 wyverns
  4 humans (Bailey)
  A steam dragon (D:7)
  A basilisk (D:8)
  A water moccasin (D:8)
  Duvessa (D:4)
  An orc warrior (Bailey)
  An ice beast (D:3)
  2 black bears
  A centaur (D:8)
  An ogre (D:4)
  A phantom (D:7)
  A kobold brigand (D:8)
  11 bullfrogs
  2 scorpions
  14 wights
  Dowan (D:4)
  An orc priest (D:6)
  A jelly (D:8)
  2 sleepcaps
  4 iguanas
  7 orc wizards
  9 gnolls
  9 adders
  2 ufetubi (D:6)
  2 worms
  A dart slug (D:2)
  20 orcs
  3 bats
  7 endoplasms
  4 giant cockroaches
  15 goblins
  8 hobgoblins
  8 jackals
  13 kobolds
  4 quokkas
  4 ball pythons
  5 frilled lizards
  5 rats
185 creatures vanquished.

Vanquished Creatures (collateral kills)
  2 wights (D:7)
2 creatures vanquished.

Grand Total: 187 creatures vanquished

Notes
Turn   | Place    | Note
-------+----------+-------------------------------------------
     0 | D:1      | pokeman the Deep Elf Hedge Wizard began the quest for the
                  | Orb.
     0 | D:1      | Reached XP level 1. HP: 10/10 MP: 7/7
   251 | D:1      | Reached XP level 2. HP: 15/15 MP: 9/9
   698 | D:1      | Reached skill level 5 in Spellcasting
   917 | D:1      | Reached XP level 3. HP: 20/20 MP: 8/11
   925 | D:1      | Learned a level 3 spell: Mephitic Cloud
   928 | D:1      | Learned a level 2 spell: Call Imp
   931 | D:1      | Learned a level 2 spell: Blink
  1076 | D:1      | Found a faded altar of an unknown god.
  1366 | D:2      | Reached skill level 1 in Fighting
  1366 | D:2      | Reached skill level 1 in Armour
  1582 | D:2      | Reached XP level 4. HP: 25/25 MP: 13/13
  2494 | D:3      | Found a hide-covered altar of Uskayaw.
  2497 | D:3      | Noticed a +0 dagger
  2498 | D:3      | Noticed a +0 dagger
  2629 | D:3      | Reached skill level 6 in Spellcasting
  2640 | D:3      | Reached XP level 5. HP: 29/29 MP: 15/15
  2862 | D:3      | Found an iron altar of Okawaru.
  2883 | D:4      | Noticed Duvessa
  2883 | D:4      | Noticed Dowan
  2985 | D:4      | Killed Duvessa
  2986 | D:4      | Reached skill level 1 in Air Magic
  2986 | D:4      | Reached skill level 1 in Poison Magic
  2999 | D:4      | Killed Dowan
  3000 | D:4      | Reached XP level 6. HP: 24/34 MP: 17/17
  3125 | D:4      | Reached skill level 7 in Spellcasting
  3143 | D:4      | Noticed an ice beast
  3509 | D:3      | Killed an ice beast
  3510 | D:3      | Reached XP level 7. HP: 14/40 MP: 20/20
  3618 | D:4      | Reached skill level 8 in Spellcasting
  3756 | D:4      | Found a sacrificial altar of Ru.
  4324 | D:4      | Found a burning altar of Makhleb.
  4347 | D:4      | Found a bloodstained altar of Trog.
  4726 | D:5      | Entered Level 5 of the Dungeon
  4820 | D:5      | Found a hazy altar of Hepliaklqana.
  5051 | D:5      | Found a radiant altar of Vehumet.
  5061 | D:5      | Became a worshipper of Vehumet
  5457 | D:5      | Found a staircase to the Ecumenical Temple.
  5905 | D:5      | Reached skill level 9 in Spellcasting
  6380 | D:6      | Found a white marble altar of Elyvilon.
  6452 | D:6      | Reached XP level 8. HP: 39/44 MP: 23/23
  6632 | D:6      | Found a glowing golden altar of the Shining One.
  6812 | D:7      | Reached skill level 5 in Conjurations
  6899 | D:7      | Reached skill level 10 in Spellcasting
  6899 | D:7      | Reached skill level 1 in Evocations
  7470 | D:7      | Reached skill level 11 in Spellcasting
  7696 | D:7      | Reached * piety under Vehumet
  7696 | D:7      | Offered knowledge of Kiss of Death by Vehumet.
  8011 | D:7      | Reached XP level 9. HP: 45/48 MP: 26/26
  8065 | D:7      | Found a glowing silver altar of Zin.
  8293 | D:7      | Found a sparkling altar of Nemelex Xobeh.
  8411 | D:7      | Reached skill level 1 in Fire Magic
  8593 | D:7      | Reached skill level 12 in Spellcasting
  8802 | D:8      | Found a flagged portal.
  8807 | Bailey   | Entered a bailey
  9112 | Bailey   | Reached skill level 13 in Spellcasting
  9231 | Bailey   | Noticed a vault guard
  9243 | Bailey   | Killed a vault guard
  9244 | Bailey   | Reached skill level 5 in Armour
  9244 | Bailey   | Reached XP level 10. HP: 53/53 MP: 29/29
  9276 | Bailey   | Noticed a vault guard
  9276 | Bailey   | Noticed Prince Ribbit
  9309 | Bailey   | Killed Prince Ribbit
  9312 | Bailey   | Killed a vault guard
  9605 | D:8      | Reached ** piety under Vehumet
  9605 | D:8      | Offered knowledge of Static Discharge by Vehumet.
  9634 | D:8      | Found a broken altar of Ashenzari.
  9636 | D:8      | Found an opulent altar of Gozag.
  9643 | D:8      | Found an ancient bone altar of Kikubaaqudgha.
  9646 | D:8      | Found a blossoming altar of Fedhas.
  9648 | D:8      | Found a shimmering altar of Xom.
  9653 | D:8      | Found a snail-covered altar of Cheibriados.
  9716 | D:8      | Found the +5 Force Lance {heavy, knockback}
  9864 | D:8      | Reached skill level 14 in Spellcasting
  9897 | D:8      | Reached skill level 5 in Fire Magic
  9965 | D:8      | Slain by a yak

Illustrated notes

Levels and vault maps discovered:
D:1:      amcnicky_arrival_choice, layout_loops_ring,
          dreamdust_ecumenical_altar_angels_and_demons, dk_noncrumbling_3
D:2:      layout_loops_ring, lexackson_kobold_supper
D:3:      layout_rooms, dancing_weapons_uskayaw,
          mainiacjoe_overflow_surrounded_room
D:4:      layout_layer_cave, bloody_makhleb, kennysheep_mini_moat,
          mainiacjoe_overflow_tiny_flanked, uniq_duvessa
D:5:      layout_gridville, mainiacjoe_overflow_concentric_impassable,
          vehumet_altar_wand_db, minmay_temple_entry_junction_2
D:6:      layout_basic, mainiacjoe_overflow_six_doors_small, elyvilon_altar_5
D:7:      layout_cave_pools, mainiacjoe_overflow_24_doors,
          nicolae_overflow_hidden_temple, zin_academy, minmay_misc_feat_columns
D:8:      layout_basic, grunt_dithmenos_smoke_and_mirrors,
          nicolae_overflow_hallway_of_the_gods, minmay_lair_entry_grove,
          enter_bailey_3, blue_anna_alchemist, due_unseen_surprise

Skill      XL: |  1  2  3  4  5  6  7  8  9 10 |
---------------+-------------------------------+-----
Spellcasting   | 5 6 7 9 11 13 14 | 14.3
Fighting       | 1 2 3 |  3.0
Armour         | 1 2 3 5 |  5.0
Conjurations   | 2 3 4 6 7 8 |  8.2
Stealth        | 3 |  3.0
Dodging        | 3 |  3.0
Air Magic      | 1 |  1.1
Poison Magic   | 1 |  1.1
Evocations     | 1 |  1.1
Fire Magic     | 4 5 |  5.0
Summonings     | |  1.1
Translocations | |  1.1

Action                     |  1- 3 |  4- 6 |  7- 9 | 10-12 || total
---------------------------+-------+-------+-------+-------++-------
  Melee: Dagger            |    24 |    48 |   144 |    37 ||   253
         Punch             |       |     2 |     1 |       ||     3
         Lance             |       |       |       |    22 ||    22
   Cast: Magic Dart        |    83 |    78 |   268 |    23 ||   452
         Mephitic Cloud    |       |    10 |    24 |    16 ||    50
         Blink             |       |     3 |     9 |     3 ||    15
         Call Imp          |       |     3 |    16 |       ||    19
  Evoke: Wand              |       |       |       |     1 ||     1
   Stab: Confused          |       |     5 |    15 |    14 ||    34
         Sleeping          |       |     2 |     1 |       ||     3
         Invisible         |       |       |       |     1 ||     1
 Armour: Robe              |    16 |    21 |    98 |       ||   135
         Steam dragon scal |       |       |    52 |    44 ||    96
  Dodge: Dodged            |    22 |    38 |   158 |    36 ||   254

Table legend: (Time is in decaauts)
 A = Elapsed time spent in this place.
 B = Non-inter-level travel time spent in this place.
 C = Inter-level travel time spent in this place.
 D = Time resting spent in this place.
 E = Time spent auto-exploring this place.
 F = Levels seen in this place.
 G = Mean time per level.
                   A        B        C        D        E       F      G
               +--------+--------+--------+--------+--------+-----+--------+
         Total |   9994 |   9719 |    275 |    911 |   6841 |   9 | 1110.4 |
       Dungeon |   9279 |   9004 |    275 |    769 |   6517 |   8 | 1159.9 |
        Bailey |    714 |    714 |      0 |    142 |    323 |   1 |  714.0 |
               +--------+--------+--------+--------+--------+-----+--------+

Top non-repeatable levels by time:
     D:7: 1508 daAuts
     D:4: 1351 daAuts
     D:6: 1290 daAuts
     D:5: 1267 daAuts
     D:2: 1208 daAuts
     D:1: 1154 daAuts
     D:3: 1009 daAuts
  Bailey: 714 daAuts
     D:8: 488 daAuts
